 Dungeon Crawl Stone Soup version 0.27-a0-1595-g0b823d0a13 (webtiles) character file.

Game seed: 17550284579177578020

55 Spaninq the Skirmisher (level 3, -3/33 HPs)
             Began as a Ghoul Fighter on July 20, 2021.
             Shot with an arrow by a centaur (6 damage)
             ... on level 3 of the Dungeon.
             The game lasted 00:02:37 (1869 turns).

Spaninq the Skirmisher (Ghoul Fighter)              Turns: 1869, Time: 00:02:37

Health: -3/33      AC: 10    Str: 20    XL:     3   Next: 93%
Magic:  2/2        EV:  7    Int:  9    God:
Gold:   71         SH:  9    Dex:  8    Spells: 2/2 levels left

rFire    . . .     SeeInvis .     - Unarmed
rCold    + . .     Faith    .   b - +0 kite shield
rNeg     + + +     Spirit   .   a - +0 scale mail
rPois    ∞         Reflect  .   (no helmet)
rElec    .         Harm     .   g - +0 cloak
rCorr    .         Rampage  .   (no gloves)
Will     .....                  l - +1 pair of boots
Stlth    ..........             (no amulet)
HPRegen  0.00/turn              i - +6 ring of intelligence
MPRegen  0.08/turn              (no ring)

@: no status effects
A: claws 1, cold resistance 1, negative energy resistance 3, inhibited
regeneration, torment resistance 2
a: no special abilities


You were on level 3 of the Dungeon.
You visited 1 branch of the dungeon, and saw 3 of its levels.

You collected 71 gold pieces.

Inventory:

Armour
 a - a +0 scale mail (worn)
 b - a +0 kite shield (worn)
 g - a +0 cloak (worn)
 h - a +0 chain mail
 l - a +1 pair of boots (worn)
Jewellery
 i - a +6 ring of intelligence (left claw)
 j - a +6 ring of intelligence
Scrolls
 d - a scroll of magic mapping {unknown}
 e - 2 scrolls of identify {unknown}
 k - a scroll of summoning {unknown}
Potions
 c - a potion of might
 f - 4 potions of haste {unknown}


   Skills:
 + Level 3.6 Fighting
 + Level 3.0 Armour
 * Level 3.2 Shields
 * Level 3.1 Unarmed Combat


You had 2 spell levels left.
You didn't know any spells.
Your spell library was empty.

Dungeon Overview and Level Annotations

Branches:
Dungeon (3/15)

Altars:


Innate Abilities, Weirdness & Mutations

You thrive by killing the living.
You are immune to poison.
You have sharp fingernails.
Your flesh is cold resistant. (rC+)
You are immune to negative energy. (rN+++)
You do not regenerate when monsters are visible.
You are immune to unholy pain and torment.


Message History

* * * LOW HITPOINT WARNING * * *
The centaur wields a +0 shortbow.
The centaur shoots an arrow.
You block the arrow.
You claw the orc!
The orc is almost dead.
You block the orc's attack.
A hobgoblin comes into view.
The orc wizard gestures wildly while chanting.
The orc wizard flickers and vanishes!
Your scale mail prevents you from hitting the orc.
The orc is almost dead.
The goblin shouts!
The hobgoblin shouts!
You hear a shout! x2
The orc hits you but does no damage.
Your scale mail prevents you from hitting the orc.
The orc is almost dead.
An orc comes into view. It is wielding a +0 whip.
You block the orc's attack.
The orc shouts!
You scratch the orc.
You kill the orc!
You feel better.
The centaur shoots an arrow.
The arrow hits you but does no damage.
You completely miss the endoplasm. The endoplasm freezes you.
You are frozen.
You resist. The endoplasm freezes you.
You are frozen.
You resist.
* * * LOW HITPOINT WARNING * * *
You scratch the endoplasm.
The endoplasm is severely wounded.
A dart slug comes into view.
The endoplasm hits you but does no damage.
You claw the endoplasm!
You kill the endoplasm!
You feel better.
The centaur shoots an arrow.
The arrow hits you.
* * * LOW HITPOINT WARNING * * *
The centaur shoots an arrow.
The arrow hits you.
* * * LOW HITPOINT WARNING * * *
You closely miss something.
The centaur shoots an arrow.
The arrow hits you.
You die...

......#.#....##.. ..
##........>... #.
#....####.#...
.####.#
###.##.##.......
.......
##...##.....####.
.......##(.####...###
#. .......#..## #...#
#### .........###
#...# #...
......#.@..# #...#
#... .....o#{##.#
#...# #...
.....ooc.#.# ....#
##... .....oggo..#
..#####...#
.........#.....
......#
...............
###...#
...w.......#... #....
.........#.##.. #....
...........# .. #....


You could see a centaur, a dart slug, 3 orcs, a hobgoblin and a goblin.

Vanquished Creatures
  An adder (D:3)
  2 dart slugs (D:2)
  2 orcs (D:3)
  2 ball pythons
  4 endoplasms
  A giant cockroach (D:1)
  3 goblins (D:1)
  5 hobgoblins (D:1)
  3 jackals (D:1)
  2 quokkas (D:2)
  3 bats
  A frilled lizard (D:1)
  5 kobolds
  A rat (D:2)
35 creatures vanquished.

Notes
Turn   | Place    | Note
-------+----------+-------------------------------------------
     0 | D:1      | Spaninq the Ghoul Fighter began the quest for the Orb.
     0 | D:1      | Reached XP level 1. HP: 19/19 MP: 0/0
   170 | D:1      | Reached XP level 2. HP: 18/26 MP: 1/1
  1015 | D:2      | Reached XP level 3. HP: 25/31 MP: 2/2
  1852 | D:3      | Noticed a centaur
  1869 | D:3      | Shot with an arrow by a centaur

Illustrated notes

Levels and vault maps discovered:
D:1:      kennysheep_arrival_forest, layout_basic, minmay_hedge_maze,
          st_stairs_12
D:2:      layout_basic
D:3:      layout_rooms

Skill      XL: |  1  2  3 |
---------------+----------+-----
Shields        | 3 |  3.2
Unarmed Combat | 3 |  3.1
Armour         | 3 |  3.0
Fighting       | |  3.6

Action                   || total
-------------------------++-------
Melee: Unarmed           ||   104
Armor: Scale mail        ||    45
Dodge: Dodged            ||    27
Block: Kite shield       ||    60

Table legend: (Time is in decaauts)
 A = Elapsed time spent in this place.
 B = Non-inter-level travel time spent in this place.
 C = Inter-level travel time spent in this place.
 D = Time resting spent in this place.
 E = Time spent auto-exploring this place.
 F = Levels seen in this place.
 G = Mean time per level.
                   A        B        C        D        E       F      G
               +--------+--------+--------+--------+--------+-----+--------+
         Total |   1887 |   1794 |     93 |    246 |   1260 |   3 |  629.0 |
       Dungeon |   1887 |   1794 |     93 |    246 |   1260 |   3 |  629.0 |
               +--------+--------+--------+--------+--------+-----+--------+

Top non-repeatable levels by time:
     D:1: 1016 daAuts
     D:2: 770 daAuts
     D:3: 100 daAuts
